 Dungeon Crawl Stone Soup version 0.25-a0-44-g29a1220a87 (webtiles) character file.

Game seed: 6720116670354128990, levelgen mode: deterministic

249 Lanoc the Slasher (level 5, 0/42 HPs)
             Began as a Demonspawn Berserker on Oct 24, 2019.
             Was a Believer of Trog.
             Slain by a yak (11 damage)
             ... on level 3 of the Dungeon.
             The game lasted 00:03:02 (1369 turns).

Lanoc the Slasher (Demonspawn Berserker)            Turns: 1369, Time: 00:03:03

Health: 0/42       AC: 11    Str: 17    XL:     5   Next: 87%
Magic:  0/5        EV:  8    Int:  8    God:    Trog [**....]
Gold:   62         SH:  0    Dex: 14    Spells: 4/4 levels left

rFire    . . .     SeeInvis .   a - +0 falchion
rCold    . . .     Gourm    .   (no shield)
rNeg     . . .     Faith    .   e - +0 chain mail
rPois    .         Spirit   +   (no helmet)
rElec    .         Reflect  .   d - scarf {Spirit}
rCorr    .         Harm     .   (no gloves)
MR       .....                  (no boots)
Stlth    ..........             (no amulet)
HPRegen  0.14/turn              (no ring)
MPRegen  0.09/turn              (no ring)

@: berserk cooldown, flying, starving, slowed, very slow
A: hooves 1, slimy green scales 1, spiny 1
a: Berserk, Trog's Hand, Renounce Religion


You were on level 3 of the Dungeon.
You worshipped Trog.
Trog was pleased with you.
You were starving.

You visited 1 branch of the dungeon, and saw 3 of its levels.

You collected 62 gold pieces.

Inventory:

Hand Weapons
 a - a +0 falchion (weapon)
Armour
 d - a scarf of spirit shield (worn)
 e - a +0 chain mail (worn)
Scrolls
 b - 2 scrolls of remove curse {unknown}
 g - 2 scrolls of fear {unknown}
 h - 2 scrolls of identify {unknown}
 j - 2 scrolls of teleportation {unknown}
 m - a scroll of random uselessness {unknown}
 n - a scroll of enchant armour {unknown}
Potions
 k - a potion of might {unknown}
 l - a potion of curing {unknown}
Comestibles
 c - 7 rations


   Skills:
 + Level 4.0 Fighting
 * Level 4.3 Long Blades
 + Level 2.9 Armour
 + Level 2.9 Dodging


You had 4 spell levels left.
You didn't know any spells.
Your spell library was empty.

Dungeon Overview and Level Annotations

Branches:
Dungeon (3/15)

Altars:
Ashenzari


Innate Abilities, Weirdness & Mutations

You have large cloven feet.
You are partially covered in slimy green scales. (AC +2)
You are partially covered in sharp spines.


Message History

The yak is struck by your spines. The yak gores you but does no damage.
The yak gores you.
You hit the yak but do no damage.
The yak is heavily wounded.
The yak closely misses you.
You riposte.
You hit the yak. You kick the yak, but do no damage.
The yak is heavily wounded.
You hit the yak but do no damage. You kick the yak, but do no damage.
The yak is heavily wounded.
The yak is struck by your spines. The yak gores you!
The yak is struck by your spines. The yak gores you but does no damage.
You barely miss the yak.
The yak is almost dead.
The yak gores you but does no damage.
You hit the yak but do no damage.
The yak is almost dead.
The yak gores you.
* * * LOW HITPOINT WARNING * * *
The yak gores you!
You die...

.# #### ### #####..
.... ..#
#...#.#########.#
#.....#.......#.#
#...#.#..# #..#.#
###.##.#..###..'.## #
#......#.?.....†Y$#.#
#.#.#..#.(###..'@...#
....#..#..###..#†##.#
..###..#.......#.##.#
.......#########....#
.#####...........##.#
.###############.##.#
.#.........#####.##.#
......>###.......##.#
.#.###.# ######..##.#


You could see a yak.

Vanquished Creatures
  The ghost of Lanoc the Cudgeler, an amateur DDCK of Xom (D:3)
  3 adders
  3 gnolls (D:2)
  2 dart slugs (D:1)
  2 leopard geckos
  A giant cockroach (D:2)
  2 goblins (D:3)
  3 hobgoblins
  4 jackals (D:1)
  8 kobolds
  A quokka (D:2)
  8 bats
  5 frilled lizards
  5 rats
48 creatures vanquished.

Notes
Turn   | Place    | Note
-------+----------+-------------------------------------------
     0 | D:1      | Lanoc the Demonspawn Berserker began the quest for the Orb.
     0 | D:1      | Reached XP level 1. HP: 18/18 MP: 1/1
    28 | D:1      | Gained mutation: You are partially covered in slimy green
                  | scales. (AC +2) [demonic ancestry]
    28 | D:1      | Reached XP level 2. HP: 5/24 MP: 2/2
   487 | D:2      | Gained mutation: You are partially covered in sharp spines.
                  | [demonic ancestry]
   487 | D:2      | Reached XP level 3. HP: 29/29 MP: 1/3
   514 | D:2      | Reached ** piety under Trog
   701 | D:2      | Reached XP level 4. HP: 34/35 MP: 4/4
  1123 | D:3      | Found a shattered altar of Ashenzari.
  1227 | D:3      | Noticed Lanoc's ghost (amateur DDCK)
  1231 | D:3      | Noticed a yak
  1334 | D:3      | Found a runed translucent gate.
  1334 | D:3      | Found a runed translucent gate.
  1336 | D:3      | Found a runed translucent gate.
  1361 | D:3      | Killed Lanoc's ghost
  1361 | D:3      | Gained mutation: You have large cloven feet. [demonic
                  | ancestry]
  1361 | D:3      | Reached XP level 5. HP: 20/42 MP: 1/5
  1363 | D:3      | HP: 2/42 [yak (12)]
  1369 | D:3      | Slain by a yak

Levels and vault maps discovered:
D:1:      erik_arrival_blinker_ship, layout_rooms
D:2:      minmay_kobold_bridge, layout_basic
D:3:      layout_loops_ring, nicolae_ashenzari_panopticon,
          gammafunk_ghost_split, mrwooster_statue_mirror

Skill      XL: |  1  2  3  4 |
---------------+-------------+-----
Armour         | 2 |  2.9
Long Blades    | 3 4 |  4.3
Dodging        | 2 |  2.9
Fighting       | 4 |  4.0

Action                   |  1- 3 |  4- 6 || total
-------------------------+-------+-------++-------
Melee: Falchion          |    76 |    43 ||   119
       Kick              |       |     4 ||     4
Invok: Berserk           |     3 |     2 ||     5
  Use: Potion            |       |     2 ||     2
  Eat: Chunk             |     2 |     2 ||     4
Armor: Chain mail        |    22 |    26 ||    48
       Animal skin       |     2 |       ||     2
Dodge: Dodged            |    38 |    17 ||    55
       Rpst.: Falchion   |    11 |     7 ||    18

Table legend:
 A = Non-vault XP
 B = Vault XP
 C = Vault XP percentage of total XP
 D = Non-vault monster count
 E = Vault monster count
 F = Vault count percentage of total count
                 A         B        C        D         E       F
            +---------+---------+-------+---------+---------+-------
      Total |     130 |     227 |  63.6 |      41 |       7 |  14.6
            +---------+---------+-------+---------+---------+-------
        D:1 |      29 |       0 |   0.0 |      15 |       0 |   0.0
        D:2 |      88 |       4 |   4.3 |      19 |       3 |  13.6
        D:3 |      13 |     223 |  94.5 |       7 |       4 |  36.4
            +---------+---------+-------+---------+---------+-------
